 Dungeon Crawl Stone Soup version 0.22-a0-521-gb1378044ac (webtiles) character file.

23 D1HalberdGnoll the Skirmisher (level 2, -1/24 HPs)
             Began as a Demonspawn Abyssal Knight on June 20, 2018.
             Was a Believer of Lugonu.
             Slain by Terence
             ... wielding a cursed -1 morningstar
              (8 damage)
             ... on level 2 of the Dungeon.
             The game lasted 00:01:25 (1118 turns).

D1HalberdGnoll the Skirmisher (DsAK)                Turns: 1118, Time: 00:01:25

Health: -1/24      AC:  4    Str: 12    XL:     2   Next: 75%
Magic:  4/4        EV:  8    Int: 13    God:    Lugonu [**....]
Gold:   10         SH:  6    Dex: 12    Spells: 1/1 levels left

rFire    . . .     SeeInvis .   a - +1 falchion
rCold    . . .     Gourm    .   f - +0 shield
rNeg     . . .     Faith    .   b - +0 leather armour
rPois    .         Spirit   .   (no helmet)
rElec    .         Reflect  .   (no cloak)
rCorr    .         Harm     .   g - +0 pair of gloves
MR       .....                  (no boots)
Stlth    +.........             (no amulet)
HPRegen  0.08/turn              (no ring)
MPRegen  0.09/turn              (no ring)

@: no status effects
A: talons 1
a: Depart the Abyss, Bend Space, Renounce Religion


You were on level 2 of the Dungeon.
You worshipped Lugonu.
Lugonu was pleased with you.
You were hungry.

You visited 1 branch of the dungeon, and saw 2 of its levels.
You visited the Abyss 1 time.

You collected 10 gold pieces.

Inventory:

Hand Weapons
 a - a +1 falchion (weapon)
Armour
 b - a +0 leather armour (worn)
 f - a +0 shield (worn)
 g - a +0 pair of gloves (worn)
Jewellery
 i - an uncursed ring of ice {unknown}
Scrolls
 d - 2 scrolls of identify {unknown}
 e - a scroll of fog {unknown}
Comestibles
 c - 2 rations


   Skills:
 + Level 3.1 Fighting
 * Level 2.2 Long Blades
 + Level 2.0 Armour
 + Level 1.2 Dodging
 + Level 2.8 Invocations


You had one spell level left.
You didn't know any spells.
Your spell library was empty.

Dungeon Overview and Level Annotations

Branches:
Dungeon (2/15)

Altars:

Annotations:
D:2 Terence


Innate Abilities, Weirdness & Mutations

You have sharp toenails.


Message History

You start resting.
HP restored.
You climb downwards.
Level annotation: Terence Terence hits you with an enchanted morningstar.
There is a stone staircase leading up, spattered with blood here.
You hit Terence.
Terence is lightly wounded.
Terence hits you with an enchanted morningstar.
You block Terence's attack.
You hit Terence but do no damage. Your kick misses Terence.
Terence is lightly wounded.
The frilled lizard bites you but does no damage.
Terence hits you with an enchanted morningstar.
* * * LOW HITPOINT WARNING * * *
The frilled lizard barely misses you.
You riposte.
You hit the frilled lizard.
You kill the frilled lizard!
Lugonu accepts your kill.
Terence hits you with an enchanted morningstar!
You die...

#.###.#.# #.#.....#
#.#.#.### ###.#.#.#####
#....@l.....#
#.#.#.........#
#########.#.###.###.#.#
#.....รท.....# #.# #
#.#######@### #.# #@#
#.# ..# #.# #### .#


You could see Terence.

Vanquished Creatures
  A leopard gecko (D:2)
  A giant cockroach (D:1)
  2 goblins (D:1)
  3 hobgoblins (D:1)
  4 jackals (D:1)
  3 bats (D:1)
  3 frilled lizards
  4 rats (D:1)
21 creatures vanquished.

Notes
Turn   | Place    | Note
-------+----------+-------------------------------------------
     0 | Abyss:1  | D1HalberdGnoll the Demonspawn Abyssal Knight began the quest for the Orb.
     0 | Abyss:1  | Reached XP level 1. HP: 18/18 MP: 2/2
    26 | D:1      | Escaped the Abyss
   110 | D:1      | Reached skill level 1 in Dodging
   208 | D:1      | Gained mutation: You have sharp toenails. [demonic ancestry]
   208 | D:1      | Reached XP level 2. HP: 18/24 MP: 4/4
   521 | D:1      | Reached ** piety under Lugonu
   809 | D:2      | Noticed Terence
   817 | D:2      | HP: 1/24 [Terence/enchanted morningstar (8)]
  1118 | D:2      | Slain by Terence

Vault maps used:
D:1:      nzn_arrival_water_spiral
D:2:      uniq_terence

Skill      XL: |  1  2 |
---------------+-------+-----
Dodging        | 1 |  1.2
Long Blades    | 2 |  2.2
Armour         | 2 |  2.0
Fighting       | |  3.1
Invocations    | |  2.8

Action                   || total
-------------------------++-------
Melee: Falchion          ||    41
       Kick              ||     4
  Use: Potion            ||     1
 Stab: Sleeping          ||     1
Armor: Leather armour    ||    19
Dodge: Dodged            ||    27
Block: Shield            ||     5
       Rpst.: Falchion   ||    12

Table legend:
 A = Spawn XP
 B = Non-spawn XP
 C = Spawn XP percentage of total XP
 D = Spawn monster count
 E = Non-spawn monster count
 F = Spawn count percentage of total count
 G = Total turns spent on level
                    A         B        C        D         E        F      G
               +---------+---------+-------+---------+---------+-------+---------
         Total |       0 |      34 |   0.0 |       0 |      21 |   0.0 |  1118
               +---------+---------+-------+---------+---------+-------+---------
           D:1 |       0 |      30 |   0.0 |       0 |      19 |   0.0 |  1052
           D:2 |       0 |       4 |   0.0 |       0 |       2 |   0.0 |    40
               +---------+---------+-------+---------+---------+-------+---------
